Map: Catalyst LE

Players

Pain

  • Race: Terran Terran
  • Spawn Location: 11:00

A.I. 1 (Easy)

  • Race: Terran Terran
  • Spawn Location: 5:00

VOD

Have the link to the VOD?

Description

Time

  • Played on: March 15, 2018, 11:19 a.m.
  • Length: 5:59
Show
View Real Time Build Order
Export as new Build Order

Pain Terran 

Build Orders:  

Get SALT Encoding   

    1:00  Orbital Command  
    1:13  SCV x12  
  12  1:28  SCV  
  13  1:41  SCV  
  13  1:43  Supply Depot  
  14  1:54  SCV  
  15  2:00  Refinery  
  15  2:06  SCV  
  16  2:14  Barracks  
  16  2:18  SCV  
  17  3:03  Barracks Reactor  
  17  3:06  Orbital Command  
  17  3:26  Command Center  
  17  3:57  Factory  
  17  3:58  SCV  
  18  4:10  SCV  
  19  4:23  SCV  
  20  4:42  SCV  
  20  4:43  SCV  
  20  4:45  Supply Depot  
  22  4:52  Refinery  
  22  4:54  SCV  
  22  4:56  SCV  
  24  5:06  SCV  
  25  5:08  SCV  
  26  5:18  SCV  
  26  5:19  Starport  
  27  5:23  Factory Tech Lab  
  27  5:30  SCV  
  28  5:42  SCV  
Show
View Real Time Build Order
Export as new Build Order

A.I. 1 (Easy) Terran 

Build Orders:  

Get SALT Encoding   

    1:13  SCV x12  
    1:25  SCV, Unknown  
  13  1:40  Supply Depot  
  13  2:12  SCV  
  13  2:15  Barracks  
  14  2:16  Refinery  
  14  2:24  SCV  
  14  2:26  Supply Depot  
  15  2:36  SCV  
  15  2:37  Refinery  
  16  3:01  Marine  
  17  3:14  SCV  
  18  3:20  Barracks Tech Lab  
  18  3:26  SCV  
  19  3:31  Supply Depot  
  19  3:38  SCV  
  19  3:39  Marauder  
  22  3:50  SCV  
  23  4:01  Marauder  
  25  4:03  SCV  
  26  4:15  SCV  
  27  4:21  Marine  
  28  4:39  Marine  
  29  5:13  SCV, Marine  
  31  5:14  Supply Depot  
  31  5:22  Factory  
  31  5:25  SCV  
  32  5:31  Marine  
  33  5:37  SCV  
  33  5:38  Supply Depot  
Tags
 
Matchup
TvT
Race
Terran
Replay Pack
RP
Spawn Locations
Cross Positions
Add a new tag
Caveats
  • Supply blocks, unpowered buildings, or Contaminate may cause inaccurate times.
  • Supply counts are checked every 10 seconds.